 Dungeon Crawl Stone Soup version 0.28.0 (webtiles) character file.

Game seed: 9451822667791500420

31 Morbidden the Conjurer (level 2, 0/20 HPs)
             Began as a Demigod Conjurer on Feb 15, 2022.
             Slain by a goblin (6 damage)
             ... led by Robin
             ... on level 2 of the Dungeon.
             The game lasted 00:00:50 (1124 turns).

Morbidden the Conjurer (Demigod Conjurer)           Turns: 1124, Time: 00:00:51

Health: 0/20       AC:  2    Str:  8    XL:     2   Next: 90%
Magic:  1/7        EV: 12    Int: 20    God:
Gold:   63         SH:  0    Dex: 12    Spells: 1/4 levels left

rFire   . . .      SeeInvis .   a - +2 dagger (holy)
rCold   . . .      Faith    .   (no shield)
rNeg    . . .      Spirit   .   f - +0 robe
rPois   .          Reflect  .   (no helmet)
rElec   .          Harm     .   (no cloak)
rCorr   .          Rampage  .   (no gloves)
Will    .....                   (no boots)
Stlth   ++........              (no amulet)
HPRegen 0.06/turn               (no ring)
MPRegen 0.10/turn               (no ring)

@: no status effects
A: high MP 1, forlorn, divine attributes
a: no special abilities


You were on level 2 of the Dungeon.
You visited 1 branch of the dungeon, and saw 2 of its levels.

You collected 63 gold pieces.

Inventory:

Hand Weapons
 a - a +2 dagger of holy wrath (weapon)
Armour
 f - a +0 robe (worn)
Scrolls
 c - a scroll of identify {unknown}
 e - a scroll of amnesia {unknown}
Potions
 b - a potion of magic {unknown}
 d - a potion of curing {unknown}


   Skills:
 + Level 1.9 Dodging
 + Level 2.0 Stealth
 + Level 1.9 Spellcasting
 + Level 4.3 Conjurations


You had one spell level left.
You knew the following spells:

 Your Spells              Type           Power      Damage    Failure   Level
a - Magic Dart            Conj           76%        1d6       2%          1
b - Searing Ray           Conj           38%        2d5       4%          2

Your spell library contained the following spells:

 Spells                   Type           Power      Damage    Failure   Level
 Dazzling Flash           Conj/Hex       20%        N/A       19%         3
 Fulminant Prism          Conj/Hex       5%         3d7       54%         4
 Iskenderun's Mystic Bla  Conj/Tloc      10%        2d4       54%         4


Dungeon Overview and Level Annotations

Branches:
Dungeon (2/15)

Annotations:
D:2 Robin


Innate Abilities, Weirdness & Mutations

You have an increased reservoir of magic. (+10% MP)
You shall have no god before yourself.
Your divine heritage dramatically boosts your attributes as you level up.


Message History

Aiming: Searing Ray (safe; 4% risk of failure)
Press: ? - help, Shift-Dir - straight line The searing ray hits the goblin!
You kill the goblin!
The searing ray misses the goblin. (Press . to maintain the ray.)
The goblin shouts!
You hear a shout!
The goblin hits you with a +0 dagger.
Unknown command.
Casting: Searing Ray (safe; 4% risk of failure)
Confirm with . or Enter, or press ? or * to list all spells.
Restarting spell: Searing Ray (safe; 4% risk of failure)
Press: ? - help, Shift-Dir - straight line The searing ray hits the goblin.
The goblin is severely wounded. (Press . to maintain the ray.)
The goblin completely misses you.
Robin roars a battlecry!
The goblins go into a battle-frenzy!
Unknown command.
The searing ray hits the goblin.
You kill the goblin!
The searing ray hits the hobgoblin!
You kill the hobgoblin!
The searing ray hits the goblin.
The goblin is severely wounded.
The goblin shoots a stone.
The stone hits you. The goblin hits you but does no damage.
Robin throws the goblin at you!
Unknown command.
The searing ray hits the goblin.
You kill the goblin!
The goblin shoots a stone.
The stone barely misses you. The goblin hits you with a +0 dagger.
* * * LOW HITPOINT WARNING * * *
The goblin hits you but does no damage.
A hobgoblin comes into view.
Unknown command.
Unknown command.
The goblin hits you with a +0 dagger.
You die...

#.g... .
#.gg.#g###
#....#... #..g...
#.)g### . ##g##.##
...###g)#...####.
.........g........
##.####.@#...####
#.......<#####.#
#................#
###.##.##.######.#
#. #.....†...... #
####.####.#.# #.#
..# ####


You could see Robin, 2 hobgoblins and 4 goblins.

Vanquished Creatures
  A worm (D:2)
  A ball python (D:1)
  An endoplasm (D:1)
  A giant cockroach (D:1)
  5 goblins
  2 hobgoblins
  3 jackals (D:1)
  2 kobolds (D:1)
  2 quokkas (D:1)
  2 bats
  5 frilled lizards (D:1)
  A rat (D:1)
26 creatures vanquished.

Notes
Turn   | Place    | Note
-------+----------+-------------------------------------------
     0 | D:1      | Morbidden the Demigod Conjurer began the quest for the Orb.
     0 | D:1      | Reached XP level 1. HP: 14/14 MP: 5/5
   227 | D:1      | Reached skill level 4 in Conjurations
   298 | D:1      | Reached XP level 2. HP: 20/20 MP: 4/7
   452 | D:1      | Learned a level 2 spell: Searing Ray
  1116 | D:2      | Noticed Robin
  1124 | D:2      | Slain by a goblin

Illustrated notes

Levels and vault maps discovered:
D:1:      minmay_arrival_loop, layout_loops_ring
D:2:      layout_loops_ring, minmay_misc_feat_encased, minmay_misc_feat_roman,
          uniq_robin, uniq_crazy_yiuf_cottage

Skill      XL: |  1  2 |
---------------+-------+-----
Conjurations   | 4 |  4.3
Stealth        | 2 |  2.0
Dodging        | |  1.9
Spellcasting   | |  1.9

Action                   || total
-------------------------++-------
Melee: Unarmed           ||     8
       Dagger            ||     3
 Cast: Magic Dart        ||    38
       Searing Ray       ||     3
Armor: Robe              ||     4
Dodge: Dodged            ||    16
